 Dungeon Crawl Stone Soup version 0.16-a0-967-g37ceb3c (webtiles) character file.

117 Gorice the Magician (level 4, -2/48 HPs)
             Began as a Demonspawn Wanderer on Oct 2, 2014.
             Slain by a green rat (6 damage)
             ... on Level 3 of the Dungeon.
             The game lasted 00:16:22 (2148 turns).

Gorice the Magician (Demonspawn Wanderer)           Turns: 2148, Time: 00:16:23

HP  -2/48        AC 22     Str 13      XL: 4   Next: 71%
MP  11/11        EV  2     Int 16      God:
Gold 108         SH  0     Dex 10      Spells:  1 memorised, 10 levels left

rFire  . . .     SeeInvis .     a - +4 dagger
rCold  . . .     Clarity  .     v - melded +0 leather armour
rNeg   + + +     rCorr    .     (no shield)
rPois  +         rRot     .     (helmet currently unavailable)
rElec  .         Spirit   .     e - melded +2 cloak
SustAb .         Warding  .     c - melded +1 pair of gloves
rMut   .         NoTele   +     (boots currently unavailable)
Gourm  .                        (no amulet)
MR     .....                    (no ring)
                                n - +2 ring of evasion

@: tree-form, not resistant to hostile enchantments, fairly stealthy
A: (claws 0), nightstalker 2
a: no special abilities


You were on level 3 of the Dungeon.
You were not hungry.
You were a tree.
You visited 1 branch of the dungeon, and saw 3 of its levels.

You collected 108 gold pieces.

Inventory:

Hand weapons
 a - a +4 dagger (weapon)
 b - a +0 hunting sling of flaming
 f - a +0 short sword
 u - a +2 vampiric dagger
Missiles
 i - 4 tomahawks (quivered)
 p - 8 poisoned sling bullets
 t - 15 sling bullets
 Z - 99 stones
Armour
 c - a +1 pair of gloves (melded)
 e - a +2 cloak (melded)
 j - a +2 scale mail
 v - a +0 leather armour (melded)
Magical devices
 x - a wand of fire (8)
Comestibles
 d - 2 bread rations
 l - a meat ration
Scrolls
 q - a scroll of remove curse
 r - 2 scrolls of identify
Jewellery
 n - a +2 ring of evasion (left branch)
Potions
 h - a potion of resistance
 k - a potion of cancellation {unknown}
 m - a potion of magic {unknown}
 s - a potion of agility {unknown}


   Skills:
 - Level 1.0 Fighting
 * Level 2.8 Short Blades
   Level 1.0 Crossbows
 - Level 2.2 Armour
 + Level 1.8 Dodging
   Level 1.0 Shields
 - Level 4.0 Spellcasting
 - Level 1.0 Fire Magic
 - Level 1.0 Evocations


You had 10 spell levels left.
You knew the following spells:

 Your Spells              Type           Power        Failure   Level  Hunger
a - Flame Tongue          Conj/Fire      #....        14%         1    None


Dungeon Overview and Level Annotations

Branches:
Dungeon (3/15)

Altars:
Nemelex Xobeh
Xom


Innate Abilities, Weirdness & Mutations

((You have sharp fingernails.))
You are significantly more attuned to the shadows.


Message History

Press: ? - help, Shift-Dir - straight line, f - green rat
Aim: a green rat (heavily wounded)
The bolt of fire misses the green rat.
The bolt of fire hits the green rat.
You kill the green rat!
The green rat bites you.
* * * LOW HITPOINT WARNING * * *
Unknown command.
Drink which item? (? for menu, Esc to quit)
You feel better. The green rat bites you.
* * * LOW HITPOINT WARNING * * *
Drink which item? (? for menu, Esc to quit)
You turn into a tree.
Your +2 cloak melds into your body.
Your +1 pair of gloves melds into your body.
Your +0 leather armour melds into your body.
Your roots penetrate the ground.
The green rat bites you but does no damage.
You closely miss the green rat.
The green rat is heavily wounded.
The green rat bites you.
You die...

+## #≈≈≈≈≈≈
#.≈≈≈≈. .≈§.....
....... #%#..#
#s..# ## #r###
######. #♣#
#...... #.#######
#...... #.......#
#...... ##.####.#
#...<.. #.#
#.####...... #.#
#.##..%.%... #.#
#.##..%..... #.#
#..+........
#.#######).......


You could see a green rat and a giant cockroach.

Vanquished Creatures
  Ijyb (D:2)
  2 green rats (D:3)
  A worm (D:2)
  8 orcs (D:3)
  A ball python (D:1)
  5 giant cockroaches
  9 goblins
  5 hobgoblins
  10 jackals
  6 kobolds
  A quokka (D:3)
  4 bats
  2 giant geckos
  A giant newt (D:1)
  10 rats
66 creatures vanquished.

Notes
Turn   | Place    | Note
--------------------------------------------------------------
     0 | D:1      | Gorice, the Demonspawn Wanderer, began the quest for the Orb.
     0 | D:1      | Reached XP level 1. HP: 13/13 MP: 5/5
   222 | D:1      | Reached skill level 1 in Fighting
   246 | D:1      | Gained mutation: You are slightly more attuned to the shadows. [demonic ancestry]
   246 | D:1      | Reached XP level 2. HP: 18/21 MP: 7/7
   437 | D:1      | Reached skill level 1 in Short Blades
   819 | D:2      | Noticed Ijyb
   966 | D:2      | Gained mutation: You have sharp fingernails. [demonic ancestry]
   966 | D:2      | Reached XP level 3. HP: 26/26 MP: 9/9
  1164 | D:2      | Found a sparkling altar of Nemelex Xobeh.
  1317 | D:2      | Killed Ijyb
  1523 | D:3      | Reached skill level 1 in Dodging
  1527 | D:3      | Gained mutation: You are significantly more attuned to the shadows. [demonic ancestry]
  1527 | D:3      | Reached XP level 4. HP: 29/32 MP: 11/11
  1550 | D:3      | Found a shimmering altar of Xom.
  1915 | D:3      | Found a shimmering altar of Xom.
  1935 | D:3      | Found a shimmering altar of Xom.
  1935 | D:3      | Found a shimmering altar of Xom.
  1950 | D:3      | Found a shimmering altar of Xom.
  2148 | D:3      | Slain by a green rat

Action                   |  1- 3 |  4- 6 || total
-------------------------+-------+-------++-------
Melee: Club              |    57 |       ||    57
       Dagger            |   106 |    76 ||   182
 Fire: Hunting sling     |     9 |       ||     9
Throw: Tomahawk          |     4 |       ||     4
 Cast: Flame Tongue      |       |     2 ||     2
Evoke: Wand              |       |     2 ||     2
  Use: Scroll            |     5 |       ||     5
       Potion            |       |     4 ||     4
 Stab: Sleeping          |       |     2 ||     2
  Eat: Chunk             |     2 |       ||     2
